 Dungeon Crawl Stone Soup version 0.29-a0-321-gf1c400731a (webtiles) character file.

Game seed: 11168550793863388181

1430 Murumi the Sneak (level 8, -5/68 HPs)
             Began as a Demigod Hunter on Apr 4, 2022.
             Slain by Duvessa
             ... wielding a +0 rapier
              (17 damage)
             ... on level 5 of the Dungeon.
             The game lasted 00:20:26 (6283 turns).

Murumi the Sneak (Demigod Hunter)                   Turns: 6283, Time: 00:20:26

Health: -5/68      AC:  5    Str: 18    XL:     8   Next: 21%
Magic:  0/14       EV: 12    Int: 19    God:
Gold:   199        SH:  0    Dex: 17    Spells: 9/11 levels left

rFire   . . .      SeeInvis .   a - +0 long sword
rCold   . . .      Faith    .   (no shield)
rNeg    . . .      Spirit   +   b - +0 leather armour
rPois   .          Reflect  .   (no helmet)
rElec   .          Harm     .   (no cloak)
rCorr   .          Rampage  .   i - +0 pair of gloves
Will    .....                   r - +0 pair of boots
Stlth   +.........              q - amulet of guardian spirit
HPRegen 0.21/turn               g - +6 ring of strength
MPRegen 0.14/turn               t - +4 ring of slaying

@: mighty, lit by a corona, glowing
A: high MP 1, forlorn, divine attributes
a: no special abilities


You were on level 5 of the Dungeon.
You visited 1 branch of the dungeon, and saw 6 of its levels.

You collected 199 gold pieces.

Inventory:

Hand Weapons
 a - a +0 long sword (weapon)
 f - a +1 hand crossbow
Missiles
 d - 3 throwing nets
Armour
 b - a +0 leather armour (worn)
 i - a +0 pair of gloves (worn)
 r - a +0 pair of boots (worn)
Jewellery
 g - a +6 ring of strength (left hand)
 l - a ring of fire
 q - an amulet of guardian spirit (around neck)
 t - a +4 ring of slaying (right hand)
Wands
 u - a wand of acid (4)
Scrolls
 c - 2 scrolls of immolation
 e - 2 scrolls of teleportation
Potions
 h - 2 potions of resistance
 m - a potion of degeneration {unknown}
 n - 2 potions of mutation
 o - 2 potions of curing
 p - a potion of cancellation {unknown}
 s - a potion of attraction {unknown}


   Skills:
 - Level 5.0 Fighting
 - Level 5.0 Long Blades
 + Level 4.1 Crossbows
 - Level 2.0 Armour
 - Level 2.0 Dodging
 - Level 5.0 Stealth
 - Level 2.0 Spellcasting
 - Level 2.0 Transmutations


You had 9 spell levels left.
You knew the following spells:

 Your Spells              Type           Power      Damage    Failure   Level
a - Wereblood             Tmut           9%         N/A       13%         2

Your spell library contained the following spells:

 Spells                   Type           Power      Damage    Failure   Level
 Beastly Appendage        Tmut           18%        N/A       9%          1
 Animate Skeleton         Necr           2%         N/A       21%         1
 Apportation              Tloc           2%         N/A       21%         1
 Summon Small Mammal      Summ           4%         N/A       21%         1
 Corpse Rot               Necr/Air       2%         N/A       30%         2
 Sublimation of Blood     Necr           1%         N/A       30%         2
 Spider Form              Tmut/Pois      5%         N/A       36%         3
 Call Canine Familiar     Summ           1%         N/A       52%         3
 Summon Guardian Golem    Hex/Summ       1%         N/A       52%         3
 Dispel Undead            Necr           1%         3d6       89%         4
 Summon Ice Beast         Ice/Summ       1%         N/A       89%         4
 Summon Mana Viper        Hex/Summ       1%         N/A       99%         5
 Death Channel            Necr           0%         N/A       100%        6
 Monstrous Menagerie      Summ           0%         N/A       100%        7
 Summon Hydra             Summ           0%         N/A       100%        7


Dungeon Overview and Level Annotations

Branches:
Dungeon (6/15)             Temple (0/1) D:6

Shops:
D:5 *

Annotations:
D:4 3 runed translucent doors, ouz's ghost, novice OpTm
D:5 Duvessa


Innate Abilities, Weirdness & Mutations

You have an increased reservoir of magic. (+10% MP)
You shall have no god before yourself.
Your divine heritage dramatically boosts your attributes as you level up.


Message History

You slash Duvessa!
Duvessa is moderately wounded.
Duvessa hits you with a +0 rapier! Duvessa closely misses you.
You hit Duvessa.
Duvessa is moderately wounded.
Duvessa hits you with a +0 rapier! Duvessa hits you with a +0 rapier.
Okay, then.
Unknown command.
Press: ? - help, v - describe, . - travel
Here: Duvessa, wielding a +0 rapier and wearing a +0 chain mail (moderately wounded, berserk)
The floor.
You closely miss Duvessa.
Duvessa is moderately wounded.
Duvessa closely misses you. Duvessa hits you with a +0 rapier!
You hit Duvessa but do no damage.
Duvessa is moderately wounded.
Duvessa hits you with a +0 rapier!
Okay, then.
You are too injured to fight recklessly!
You are too injured to fight recklessly!
You barely miss Duvessa.
Duvessa is moderately wounded.
Duvessa hits you with a +0 rapier! x2
* * * LOW HITPOINT WARNING * * *
You feel much better. Duvessa barely misses you.
Duvessa hits you with a +0 rapier!
It was a potion of might.
You feel very mighty all of a sudden. Duvessa hits you with a +0 rapier!
You slash Duvessa!
Duvessa is heavily wounded.
Duvessa hits you but does no damage. Duvessa hits you with a +0 rapier!
* * * LOW HITPOINT WARNING * * *
You closely miss Duvessa.
Duvessa is heavily wounded.
Duvessa closely misses you. x2
You completely miss Duvessa.
Duvessa is heavily wounded.
Duvessa hits you with a +0 rapier!!
You die...

#..#.#.##.........#.#
#..#.#.##.######..#.#
#............###..#.##
##.#.####...#.........
#................#.##
##########.......##..#..#.#
.......<)...##.......#..#.#
###########.##....<.....#.#
#@##.#.##.......#
#e##.#.###.##...#
#h##..#.#.#.#.#.#
#J##............#
)..#..#.......#.#
...#............#
...#..#.......#.#
..........>......#
.....#.......###


You could see Duvessa (berserk), a hound and a jelly.

Vanquished Creatures
  A water moccasin (D:3)
  A sky beast (D:6)
  A black bear (D:4)
  2 ogres
  A centaur (D:6)
  A phantom (D:4)
  A necrophage (D:4)
  3 scorpions
  Dowan (D:5)
  2 hounds (D:6)
  2 jellies (D:4)
  4 iguanas
  4 orc wizards
  10 adders
  3 gnolls (D:2)
  2 ufetubi
  7 worms
  4 dart slugs
  10 orcs
  3 bats
  5 endoplasms
  2 giant cockroaches
  5 goblins
  10 hobgoblins
  4 kobolds
  4 ball pythons
  2 frilled lizards (D:3)
  5 rats
100 creatures vanquished.

Notes
Turn   | Place    | Note
-------+----------+-------------------------------------------
     0 | D:1      | Murumi the Demigod Hunter began the quest for the Orb.
     0 | D:1      | Reached XP level 1. HP: 17/17 MP: 3/3
    24 | D:1      | Reached skill level 1 in Stealth
   275 | D:1      | Reached XP level 2. HP: 24/24 MP: 4/4
   705 | D:2      | Reached XP level 3. HP: 12/29 MP: 3/5
   706 | D:2      | Reached skill level 1 in Armour
  1205 | D:2      | Learned a level 2 spell: Wereblood
  1429 | D:2      | Reached XP level 4. HP: 36/36 MP: 6/6
  1463 | D:2      | Reached skill level 1 in Transmutations
  2426 | D:3      | Noticed a water moccasin
  2463 | D:3      | Reached skill level 1 in Spellcasting
  2745 | D:3      | Killed a water moccasin
  2746 | D:3      | Reached XP level 5. HP: 13/45 MP: 6/9
  3488 | D:4      | Found a runed translucent gate.
  3489 | D:4      | Found a runed translucent gate.
  3489 | D:4      | You fall into a shaft and drop 2 floors!
  3502 | D:6      | Found a staircase to the Ecumenical Temple.
  3512 | D:6      | Noticed an ogre
  3518 | D:6      | Killed an ogre
  3519 | D:6      | Reached XP level 6. HP: 38/52 MP: 7/10
  3945 | D:5      | Entered Level 5 of the Dungeon
  4168 | D:6      | Reached skill level 5 in Stealth
  4168 | D:6      | Reached XP level 7. HP: 56/59 MP: 11/11
  4700 | D:4      | Found a runed translucent gate.
  4701 | D:4      | Noticed ouz's ghost (novice OpTm)
  5138 | D:4      | Reached skill level 5 in Fighting
  5138 | D:4      | Reached skill level 1 in Long Blades
  5977 | D:5      | Reached XP level 8. HP: 68/68 MP: 14/14
  6128 | D:5      | Found Etabruo's Gadget Gallery.
  6266 | D:5      | Noticed Dowan
  6268 | D:5      | Noticed Duvessa
  6271 | D:5      | Killed Dowan
  6272 | D:5      | Reached skill level 5 in Long Blades
  6283 | D:5      | Slain by Duvessa

Illustrated notes

Levels and vault maps discovered:
D:1:      lightli_arrival_windingriver, layout_rooms, basic_ecumenical_altar,
          roderic_roman_lattice
D:2:      layout_loops_ring, minmay_diced_spiral
D:3:      layout_basic
D:4:      minmay_diamond_boxcup, layout_basic,
          mainiacjoe_overflow_surrounded_room, ebering_ghost_rock_garden,
          lightli_sewer_entry_pipes
D:5:      layout_loops_ring, mainiacjoe_overflow_alcove_2, st_stairs_4,
          nicolae_shop_gadgets, uniq_duvessa
D:6:      layout_basic, minmay_temple_entry_offerings, uniq_eustachio,
          uniq_edmund

Skill      XL: |  1  2  3  4  5  6  7  8 |
---------------+-------------------------+-----
Stealth        | 1 2 3 4 5 |  5.0
Fighting       | 2 3 4 5 |  5.0
Dodging        | 2 |  2.0
Crossbows      | 4 |  4.1
Armour         | 1 2 |  2.0
Transmutations | 1 2 |  2.0
Spellcasting   | 1 2 |  2.0
Long Blades    | 4 5 |  5.0

Action                   |  1- 3 |  4- 6 |  7- 9 || total
-------------------------+-------+-------+-------++-------
Melee: Long sword        |       |       |    28 ||    28
 Fire: Hand crossbow     |    62 |   170 |   176 ||   408
  Use: Scroll            |     5 |     2 |     4 ||    11
       Potion            |       |     1 |     3 ||     4
Armor: Leather armour    |     1 |    39 |    51 ||    91
Dodge: Dodged            |     6 |    78 |    88 ||   172

Table legend: (Time is in decaauts)
 A = Elapsed time spent in this place.
 B = Non-inter-level travel time spent in this place.
 C = Inter-level travel time spent in this place.
 D = Time resting spent in this place.
 E = Time spent auto-exploring this place.
 F = Levels seen in this place.
 G = Mean time per level.
                   A        B        C        D        E       F      G
               +--------+--------+--------+--------+--------+-----+--------+
         Total |   6453 |   5900 |    553 |     29 |   4678 |   6 | 1075.5 |
       Dungeon |   6453 |   5900 |    553 |     29 |   4678 |   6 | 1075.5 |
               +--------+--------+--------+--------+--------+-----+--------+

Top non-repeatable levels by time:
     D:4: 1809 daAuts
     D:3: 1474 daAuts
     D:2: 1108 daAuts
     D:6: 1030 daAuts
     D:1: 666 daAuts
     D:5: 363 daAuts
